 Dungeon Crawl Stone Soup version 0.18.1-48-g4cf74bf (webtiles) character file.

121 Pierrem the Shield-Bearer (level 4, -11/45 HPs)
             Began as a Troll Fighter on Aug 11, 2016.
             Was an Initiate of Pakellas.
             Killed by divine providence
             ... invoked by an orc priest
              (13 damage)
             ... on level 4 of the Dungeon.
             The game lasted 00:09:06 (1989 turns).

Pierrem the Shield-Bearer (Troll Fighter)           Turns: 1989, Time: 00:09:07

Health: -11/45     AC:  5    Str: 25    XL:     4   Next: 77%
Magic:  8/12       EV:  8    Int:  4    God:    Pakellas [......]
Gold:   74         SH:  9    Dex:  9    Spells: 1 memorised, 0 levels left

rFire  . . .     SeeInvis .       - Unarmed
rCold  . . .     Gourm    +     a - +0 robe
rNeg   + . .     Faith    +     b - +0 shield (curse)
rPois  .         Spirit   .     (helmet restricted)
rElec  .         Dismiss  .     (no cloak)
rCorr  .         Reflect  .     (gloves unavailable)
SustAt .         Harm     .     (boots unavailable)
MR     .....                    v - amulet of faith
Stlth  +.........               d - ring of magical power
                                l - ring of positive energy

@: slowed, very slow, not resistant to hostile enchantments, very unstealthy
A: unfitting armour, claws 3, fast metabolism 3, gourmand, regeneration 2,
shaggy fur 1, tough skin 2
a: Renounce Religion


You were on level 4 of the Dungeon.
You worshipped Pakellas.
Pakellas was noncommittal.
You were not hungry.

You visited 1 branch of the dungeon, and saw 4 of its levels.

You collected 74 gold pieces.

Inventory:

Missiles
 n - 69 stones (quivered)
Armour
 a - a +0 robe (worn)
 b - a cursed +0 shield (worn)
 j - a +0 leather armour
 y - a cursed +0 centaur barding
Jewellery
 d - a ring of magical power (right claw)
 l - a ring of positive energy (left claw)
 s - a +5 ring of slaying {unknown}
 v - an amulet of faith (around neck)
Wands
 g - a wand of random effects (42/48)
 z - a wand of polymorph (20/24)
Scrolls
 e - 3 scrolls of remove curse {unknown}
 h - a scroll of enchant armour {unknown}
 i - a scroll of enchant weapon {unknown}
 o - 2 scrolls of identify {unknown}
 r - a scroll of random uselessness {unknown}
 u - a scroll of noise {unknown}
 w - 2 scrolls of amnesia {unknown}
Potions
 c - a potion of might
 f - 2 potions of curing {unknown}
 k - a potion of haste {unknown}
 m - a potion of agility {unknown}
 q - a potion of heal wounds {unknown}
Books
 p - a book of Conjurations

   Spells                             Type                      Level
   a - Magic Dart                     Conjuration                  1
   b - Searing Ray                    Conjuration                  2
   c - Dazzling Spray                 Conjuration/Hexes            3
   d - Fulminant Prism                Conjuration/Hexes            4
   e - Iskenderun's Mystic Blast      Conjuration                  4
   f - Iskenderun's Battlesphere      Conjuration/Charms           5
Comestibles
 t - 4 fruits
 x - a bread ration


   Skills:
 + Level 3.1 Fighting
 + Level 3.1 Dodging
 + Level 0.3 Stealth
 + Level 3.2 Shields
 + Level 2.6 Unarmed Combat


You couldn't memorise any spells.
You knew the following spells:

 Your Spells              Type           Power        Failure   Level  Hunger
a - Dazzling Spray        Conj/Hex       #.....       100%        3    ####...


Dungeon Overview and Level Annotations

Branches:
Dungeon (4/15)
 Temple: D:4-7

Altars:
Okawaru
Pakellas
Trog
Xom


Innate Abilities, Weirdness & Mutations

You are too large for most types of armour.
You have claws for hands.
Your metabolism is lightning-fast.
You like to eat raw meat.
You heal very quickly.
You are covered in fur (AC +1).
You have very tough skin (AC +2).


Message History

The orc wizard gestures at you while chanting.
You feel yourself slow down.
The orc wizard points at you and mumbles some strange words.
You resist with some effort. Something hits you.
* * * LOW HITPOINT WARNING * * *
The orc wizard barely misses you.
The orc wizard gestures at you while chanting.
The magic dart hits something.
Something hits you.
* * * LOW HITPOINT WARNING * * *
The orc wizard points at you and mumbles some strange words.
The magic dart hits you!
* * * LOW HITPOINT WARNING * * *
You block something's attack.
The orc wizard gestures wildly while chanting.
The orc wizard blinks!
Something hits you.
* * * LOW HITPOINT WARNING * * *
The orc priest calls down the wrath of Beogh upon you.
Beogh smites you!
You die...
Pakellas says: Time to start the next experiment...

#.# #.## #<.######
..#####..<...##
#.............##
#####..........#
#..o.......#
#..........#
#.)@.......#
#..........#
##........##
#.....§...##8
#......o.##..o##♣#
#........#_o#o.'.+
#.......o##...##.#
#.........##8 ♣.♣
##........o#####'#


You could see an orc priest, an orc wizard and an orc.

Vanquished Creatures
  4 adders
  6 worms
  3 dart slugs
  2 giant geckos
  3 orcs
  3 ball pythons
  9 bats
  2 giant cockroaches
  7 hobgoblins
  2 quokkas
  2 giant newts
  6 goblins
  3 kobolds
  7 rats
59 creatures vanquished.

Notes
Turn   | Place    | Note
--------------------------------------------------------------
     0 | D:1      | Pierrem the Troll Fighter began the quest for the Orb.
     0 | D:1      | Reached XP level 1. HP: 22/22 MP: 0/0
   221 | D:1      | Reached XP level 2. HP: 29/29 MP: 1/1
   701 | D:2      | Reached XP level 3. HP: 34/36 MP: 2/2
   773 | D:2      | Found a shimmering altar of Xom.
  1150 | D:2      | Reached XP level 4. HP: 41/44 MP: 3/3
  1420 | D:3      | Found a faded altar to an unknown god.
  1430 | D:3      | Became a worshipper of Xom of Chaos
  1465 | D:3      | XOM: divination: detect items
  1609 | D:3      | Found an oddly glowing altar of Pakellas.
  1614 | D:3      | Fell from the grace of Xom
  1614 | D:3      | Became a worshipper of Pakellas the Inventive
  1630 | D:3      | Learned a level 3 spell: Dazzling Spray
  1800 | D:3      | Noticed a moth of wrath
  1803 | D:3      | Found a bloodstained altar of Trog.
  1965 | D:4      | Found an iron altar of Okawaru.
  1988 | D:4      | HP: 1/45 [something (3)]
  1989 | D:4      | Killed from afar by an orc priest

Skill      XL: |  1  2  3  4 |
---------------+-------------+-----
Shields        | 3 |  3.2
Fighting       | 3 |  3.1
Dodging        | 3 |  3.1
Stealth        | |  0.3
Unarmed Combat | |  2.6

Action                   |  1- 3 |  4- 6 || total
-------------------------+-------+-------++-------
Melee: Unarmed           |    86 |    66 ||   152
  Eat: Bread ration      |     2 |       ||     2
       Beef jerky        |     1 |       ||     1
       Chunk             |     3 |     3 ||     6
Armor: Robe              |    28 |    35 ||    63
Dodge: Dodged            |    32 |    40 ||    72
Block: Shield            |    41 |    33 ||    74
